ORI
LOUISIANA STATE UNIVERSITY TIGERS @ MISSISSIPPI STATE UNIVERSITY BULLDOGS
11/07/2048
 
TOP OF THE 1ST
University of Alabama Crimson Tide batting - Pitching for Florida State University Seminoles : RHP Jeff Blakeney
Pitching: RHP Jeff Blakeney
Batting: LHB Danny Schultz 0-0: Ball
1-0: Fly out, F8 (Flyball, 89D, EV 97.5 MPH)
Batting: RHB B.J. Clark 0-0: Foul Ball, location: 2F
0-1: Ground out 5-3 (Groundball, 5, EV 105.6 MPH)
Batting: RHB Hughie Withers 0-0: Ball
1-0: Ball
2-0: Swinging Strike
2-1: Ball
3-1: Base on Balls
Batting: RHB Tony Vasquez 0-0: Ball
Pickoff Throw to First - Out! 1-3 CS
Top of the 1st over - 0 runs, 0 hits, 0 errors, 0 left on base; University of Alabama 0 - Florida State University 0
BOTTOM OF THE 1ST
Florida State University Seminoles batting - Pitching for University of Alabama Crimson Tide : LHP Robby Ramires
Pitching: LHP Robby Ramires
Batting: RHB Larry Berge 0-0: Fly out, F8 (Flyball, 78M, EV 89.4 MPH)
Batting: RHB Butch Huskey 0-0: Called Strike
0-1: Swinging Strike
0-2: Ball
1-2: Strikes out swinging
Batting: RHB Jonathan Bruni 0-0: Ball
1-0: Ball
2-0: Called Strike
2-1: Ball
3-1: Called Strike
3-2: Foul Ball, location: 2F
3-2: Strikes out looking
Bottom of the 1st over - 0 runs, 0 hits, 0 errors, 0 left on base; University of Alabama 0 - Florida State University 0
TOP OF THE 2ND
University of Alabama Crimson Tide batting - Pitching for Florida State University Seminoles : RHP Jeff Blakeney
Batting: RHB Tony Vasquez 0-0: Called Strike
0-1: DOUBLE (Flyball, 89D, EV 106.2 MPH)
Batting: RHB Eric Kilmer 0-0: Foul Ball, location: 2F
0-1: Ball
1-1: Called Strike
1-2: Foul Ball, location: 2F
1-2: Ball
2-2: Ground out 3-1 (Groundball, 34S, EV 78.1 MPH)
Tony Vasquez to third
Batting: RHB Matt Williams 0-0: Fly out, F8 (Line Drive, 8LM, EV 94.4 MPH)
Runner from 3rd tags up, SCORES, no throw by CF
Batting: LHB Robby Ramires 0-0: Ball
1-0: Ball
2-0: Called Strike
2-1: Ground out 6-3 (Groundball, 6, EV 95.0 MPH)
Top of the 2nd over - 1 run, 1 hit, 0 errors, 0 left on base; University of Alabama 1 - Florida State University 0
BOTTOM OF THE 2ND
Florida State University Seminoles batting - Pitching for University of Alabama Crimson Tide : LHP Robby Ramires
Batting: LHB Ethan Ware 0-0: Ball
1-0: Ball
2-0: Ground out U3 (Groundball, 3L, EV 87.5 MPH)
Batting: RHB Tony Valdez 0-0: Foul Ball, location: 2F
0-1: Foul Ball, location: 2F
0-2: Ball
1-2: Ball
2-2: Fly out, F9 (Flyball, 9LM, EV 89.4 MPH)
Batting: RHB Washichi Goto 0-0: Swinging Strike
0-1: Ball
1-1: Called Strike
1-2: Strikes out swinging
Bottom of the 2nd over - 0 runs, 0 hits, 0 errors, 0 left on base; University of Alabama 1 - Florida State University 0
TOP OF THE 3RD
University of Alabama Crimson Tide batting - Pitching for Florida State University Seminoles : RHP Jeff Blakeney
Batting: LHB Brian Van 0-0: Ball
1-0: Called Strike
1-1: Fly out, F4 (Popup, 4, EV 73.1 MPH)
Batting: RHB Gustavo Delgado 0-0: Ball
1-0: Called Strike
1-1: Ball
2-1: Fly out, F7 (Flyball, 78M, EV 91.2 MPH)
Batting: LHB Danny Schultz 0-0: Swinging Strike
0-1: Foul Ball, location: 2F
0-2: Strikes out swinging
Top of the 3rd over - 0 runs, 0 hits, 0 errors, 0 left on base; University of Alabama 1 - Florida State University 0
BOTTOM OF THE 3RD
Florida State University Seminoles batting - Pitching for University of Alabama Crimson Tide : LHP Robby Ramires
Batting: RHB Emilio Guerra 0-0: Ball
1-0: Foul Ball, location: 2F
1-1: Called Strike
1-2: Ball
2-2: Fly out, F5 (Line Drive, 5L, EV 70.6 MPH)
Batting: RHB Bill Christiansen 0-0: Ball
1-0: SINGLE (Groundball, 56D, EV 108.1 MPH)
Batting: RHB Terry Cisneros 0-0: Called Strike
0-1: Foul Ball, location: 2F
0-2: Ball
1-2: Ball
2-2: Strikes out swinging
Batting: RHB Larry Berge 0-0: Fly out, F8 (Flyball, 8LD, EV 88.1 MPH)
Bottom of the 3rd over - 0 runs, 1 hit, 0 errors, 1 left on base; University of Alabama 1 - Florida State University 0
TOP OF THE 4TH
University of Alabama Crimson Tide batting - Pitching for Florida State University Seminoles : RHP Jeff Blakeney
Batting: RHB B.J. Clark 0-0: Fly out, F9 (Flyball, 9S, EV 89.4 MPH)
Batting: RHB Hughie Withers 0-0: Called Strike
0-1: Ground out U3 (Groundball, 3S, EV 76.9 MPH)
Batting: RHB Tony Vasquez 0-0: Foul Ball, location: 2F
0-1: Ball
1-1: Called Strike
1-2: Ground out 6-3 (Groundball, 6M, EV 85.6 MPH)
Top of the 4th over - 0 runs, 0 hits, 0 errors, 0 left on base; University of Alabama 1 - Florida State University 0
BOTTOM OF THE 4TH
Florida State University Seminoles batting - Pitching for University of Alabama Crimson Tide : LHP Robby Ramires
Batting: RHB Butch Huskey 0-0: Fly out, F8 (Flyball, 8LM, EV 78.1 MPH)
Batting: RHB Jonathan Bruni 0-0: Ground out 6-3 (Groundball, 56, EV 90.0 MPH)
Batting: LHB Ethan Ware 0-0: DOUBLE (Line Drive, 9LM, EV 90.0 MPH)
Batting: RHB Tony Valdez 0-0: Ball
1-0: Called Strike
1-1: Swinging Strike
1-2: Strikes out looking
Bottom of the 4th over - 0 runs, 1 hit, 0 errors, 1 left on base; University of Alabama 1 - Florida State University 0
TOP OF THE 5TH
University of Alabama Crimson Tide batting - Pitching for Florida State University Seminoles : RHP Jeff Blakeney
Batting: RHB Eric Kilmer 0-0: Swinging Strike
0-1: Ball
1-1: Foul Ball, location: 2F
1-2: Ball
2-2: SINGLE (Groundball, 34, EV 96.9 MPH)
Batting: RHB Matt Williams 0-0: Called Strike
0-1: Ball
1-1: Foul Ball, location: 2F
1-2: Strikes out swinging
Batting: LHB Robby Ramires 0-0: Swinging Strike
0-1: Called Strike
0-2: Ball
1-2: Strikes out swinging
Batting: LHB Brian Van 0-0: Ground out 6-3 (Groundball, 6MS, EV 81.9 MPH)
Top of the 5th over - 0 runs, 1 hit, 0 errors, 1 left on base; University of Alabama 1 - Florida State University 0
BOTTOM OF THE 5TH
Florida State University Seminoles batting - Pitching for University of Alabama Crimson Tide : LHP Robby Ramires
Batting: RHB Washichi Goto 0-0: Ground out 3-1 (Groundball, 34, EV 86.2 MPH)
Batting: RHB Emilio Guerra 0-0: Called Strike
0-1: Called Strike
0-2: Strikes out swinging
Batting: RHB Bill Christiansen 0-0: Called Strike
0-1: Ball
1-1: Fly out, F7 (Flyball, 7, EV 86.2 MPH)
Bottom of the 5th over - 0 runs, 0 hits, 0 errors, 0 left on base; University of Alabama 1 - Florida State University 0
TOP OF THE 6TH
University of Alabama Crimson Tide batting - Pitching for Florida State University Seminoles : RHP Jeff Blakeney
Batting: RHB Gustavo Delgado 0-0: SINGLE (Line Drive, 5D, EV 95.0 MPH)
Batting: LHB Danny Schultz 0-0: Called Strike
0-1: Called Strike
0-2: Foul Ball, location: 2F
0-2: Ball
1-2: Fielders Choice at 2nd, 3-6 (Groundball, 23, EV 86.2 MPH)
Batting: RHB B.J. Clark 0-0: Grounds into double play, 6-4-3 (Groundball, 6, EV 88.8 MPH)
Top of the 6th over - 0 runs, 1 hit, 0 errors, 0 left on base; University of Alabama 1 - Florida State University 0
BOTTOM OF THE 6TH
Florida State University Seminoles batting - Pitching for University of Alabama Crimson Tide : LHP Robby Ramires
Batting: RHB Terry Cisneros 0-0: Foul Ball, location: 2F
0-1: Foul Ball, location: 2F
0-2: Ball
1-2: Ground out 5-3 (Groundball, 56S, EV 93.8 MPH)
Batting: RHB Larry Berge 0-0: Ball
1-0: Called Strike
1-1: Foul Ball, location: 2F
1-2: Strikes out swinging
Batting: RHB Butch Huskey 0-0: Ground out 5-3 (Groundball, 56, EV 80.0 MPH)
Bottom of the 6th over - 0 runs, 0 hits, 0 errors, 0 left on base; University of Alabama 1 - Florida State University 0
TOP OF THE 7TH
University of Alabama Crimson Tide batting - Pitching for Florida State University Seminoles : RHP Jeff Blakeney
Batting: RHB Hughie Withers 0-0: Called Strike
0-1: Ground out 2-3 (Groundball, 2R, EV 73.1 MPH)
Batting: RHB Tony Vasquez 0-0: SINGLE (Flyball, 3D, EV 83.8 MPH)
Batting: RHB Eric Kilmer 0-0: Ball
1-0: Called Strike
1-1: Ball
2-1: Foul Ball, location: 2F
2-2: Foul Ball, location: 2F
2-2: SINGLE (Groundball, 56D, EV 107.5 MPH)
Tony Vasquez to second
Batting: RHB Matt Williams 0-0: Ball
1-0: Ball
2-0: SINGLE (Flyball, 56D, EV 89.4 MPH)
Tony Vasquez to third
Eric Kilmer to second
Batting: LHB Robby Ramires 0-0: Ball
1-0: Called Strike
1-1: SINGLE (Groundball, 34D, EV 98.8 MPH)
Tony Vasquez scores
Eric Kilmer to third
Matt Williams to second
Runner from 3rd tries for Home, SAFE, throw by RF to home
Pitching: RHP Bob Guerrero
Batting: LHB Brian Van 0-0: Ball
1-0: Foul Ball, location: 2F
1-1: Swinging Strike
1-2: Foul Ball, location: 2F
1-2: Foul Ball, location: 2F
1-2: Foul Ball, location: 2F
1-2: Strikes out swinging
Pinch Hitting: LHB Platon Protopsaltis 0-0: Ball
1-0: Foul Ball, location: 2F
1-1: Called Strike
1-2: Ball
2-2: Foul Ball, location: 2F
2-2: Strikes out swinging
Top of the 7th over - 2 runs, 4 hits, 0 errors, 2 left on base; University of Alabama 3 - Florida State University 0
BOTTOM OF THE 7TH
Florida State University Seminoles batting - Pitching for University of Alabama Crimson Tide : LHP Robby Ramires
Now at 1B: Onorato Zacagnini
Batting: RHB Jonathan Bruni 0-0: Ball
1-0: Called Strike
1-1: Foul Ball, location: 2F
1-2: Foul Ball, location: 2F
1-2: SINGLE (Groundball, 6S, EV 96.9 MPH)
Batting: LHB Ethan Ware 0-0: Ball
1-0: Ball
2-0: Called Strike
2-1: Foul Ball, location: 2F
2-2: Strikes out looking
Batting: RHB Tony Valdez 0-0: Ball
1-0: Foul Ball, location: 2F
1-1: Ball
2-1: Ball
3-1: Base on Balls
Jonathan Bruni to second
Pitching: LHP Juan Cardenas
Pinch Hitting: RHB George Smienk 0-0: Foul Ball, location: 2F
0-1: Foul Ball, location: 2F
0-2: Ball
1-2: Ball
2-2: Strikes out swinging
Pinch Hitting: SHB Jason Farr 0-0: Called Strike
0-1: Ground out 6-3 (Groundball, P, EV 93.1 MPH)
Bottom of the 7th over - 0 runs, 1 hit, 0 errors, 2 left on base; University of Alabama 3 - Florida State University 0
TOP OF THE 8TH
University of Alabama Crimson Tide batting - Pitching for Florida State University Seminoles : RHP Bob Guerrero
Pitching: RHP Wade Striegel
Now at 3B: Jason Farr
Now in CF: George Smienk
Now in RF: Butch Huskey
Batting: LHB Danny Schultz 0-0: Ground out 4-3 (Groundball, 13, EV 88.1 MPH)
Pinch Hitting: LHB Dallas Shaw 0-0: Swinging Strike
0-1: Ball
1-1: DOUBLE (Flyball, 78D, EV 107.5 MPH)
Batting: RHB Hughie Withers 0-0: Intentional Walk
Batting: RHB Tony Vasquez 0-0: Called Strike
0-1: Foul Ball, location: 2F
0-2: Foul Ball, location: 2F
0-2: Fly out, F9 (Flyball, 9LS, EV 87.5 MPH)
Batting: RHB Eric Kilmer 0-0: Ball
1-0: Foul Ball, location: 2F
1-1: Ball
2-1: Foul Ball, location: 2F
2-2: Strikes out swinging
Top of the 8th over - 0 runs, 1 hit, 0 errors, 2 left on base; University of Alabama 3 - Florida State University 0
BOTTOM OF THE 8TH
Florida State University Seminoles batting - Pitching for University of Alabama Crimson Tide : LHP Juan Cardenas
Now in CF: Joe Blackwood
Batting: RHB Bill Christiansen 0-0: Ball
1-0: Ball
2-0: Foul Ball, location: 2F
2-1: Foul Ball, location: 2F
2-2: Ball
3-2: Strikes out swinging
Batting: RHB Terry Cisneros 0-0: Called Strike
0-1: Ground out 4-3 (Groundball, 4, EV 82.5 MPH)
Batting: RHB Larry Berge 0-0: Ball
1-0: Ball
2-0: Ground out U3 (Groundball, 3S, EV 89.4 MPH)
Bottom of the 8th over - 0 runs, 0 hits, 0 errors, 0 left on base; University of Alabama 3 - Florida State University 0
TOP OF THE 9TH
University of Alabama Crimson Tide batting - Pitching for Florida State University Seminoles : RHP Wade Striegel
Pinch Hitting: LHB Matt Barkley 0-0: Ball
1-0: Foul Ball, location: 2F
1-1: Ball
2-1: Foul Ball, location: 2F
2-2: Fly out, F4 (Line Drive, 4, EV 69.4 MPH)
Batting: RHB Fernando Reyes 0-0: Foul Ball, location: 2F
0-1: Ball
1-1: Ground out 6-3 (Groundball, 6, EV 83.8 MPH)
Batting: LHB Brian Van 0-0: Called Strike
0-1: Ball
1-1: Foul Ball, location: 2F
1-2: Ball
2-2: Ball
3-2: Strikes out swinging
Top of the 9th over - 0 runs, 0 hits, 0 errors, 0 left on base; University of Alabama 3 - Florida State University 0
BOTTOM OF THE 9TH
Florida State University Seminoles batting - Pitching for University of Alabama Crimson Tide : LHP Juan Cardenas
Pitching: RHP Dwayne Boivin
Now at 3B: Mike Bidwell
Pinch Hitting: LHB John Doiron 0-0: Ball
1-0: Foul Ball, location: 2F
1-1: Ball
2-1: Fly out, F9 (Line Drive, 89D, EV 104.4 MPH)
Batting: RHB Jonathan Bruni 0-0: Ball
1-0: Called Strike
1-1: Swinging Strike
1-2: Foul Ball, location: 2F
1-2: Foul Ball, location: 2F
1-2: Ball
2-2: Ball
3-2: Ground out 5-3 (Groundball, 5S, EV 85.0 MPH)
Pinch Hitting: LHB Matt Stewart 0-0: Called Strike
0-1: Ball
1-1: Foul Ball, location: 2F
1-2: Ball
2-2: Ball
3-2: Foul Ball, location: 2F
3-2: Foul Ball, location: 2F
3-2: SINGLE (Groundball, 4MS, EV 65.6 MPH) (infield hit)
Pitching: RHP Justin Hillard
Pinch Hitting: LHB Jeff Shields 0-0: Called Strike
0-1: Called Strike
0-2: Ball
1-2: Ground out 4-3 (Groundball, 4, EV 92.5 MPH)
Bottom of the 9th over - 0 runs, 1 hit, 0 errors, 1 left on base; University of Alabama 3 - Florida State University 0
Tuesday, March 28th , 2023 - OOTP Baseball 23.10 Build 110